Map: Para Site LE

Players

Chabster

  • Race: Protoss Protoss
  • League: Grandmaster
  • Spawn Location: 11:00

Lambo - Winner!

  • Race: Zerg Zerg
  • League: Grandmaster
  • Spawn Location: 5:00

VOD

Have the link to the VOD?

Description

Time

  • Played on: Jan. 12, 2019, 2:18 p.m.
  • Length: 10:53
Show
View Real Time Build Order
Export as new Build Order

Chabster Protoss 

Build Orders: 1 Gate Expand, Oracle Opening 

Get SALT Encoding   

  12  0:00  Probe  
  13  0:13  Probe  
  14  0:23  Pylon  
  14  0:25  Probe  
  15  0:38  Probe  
  16  0:45  Gateway  
  16  0:46  Probe  
  16  0:49  Gateway  
  16  0:54  Probe, Assimilator  
  17  1:03  Probe  
  18  1:11  Probe  
  20  1:30  Nexus  
  20  1:39  Cybernetics Core  
  20  1:46  Pylon  
  20  1:48  Probe  
  21  1:58  Assimilator  
  21  2:00  Probe  
  22  2:06  Adept  
  22  2:12  Pylon  
  22  2:13  Probe  
  25  2:16  Warp Gate  
  25  2:25  Probe  
  25  2:27  Adept  
  28  2:39  Stargate  
  28  2:40  Probe  
  28  2:43  Probe  
  30  2:49  Adept  
  30  2:52  Probe  
  30  2:55  Probe  
  34  3:05  Twilight Council  
  34  3:06  Probe  
  35  3:13  Shield Battery  
  35  3:15  Probe  
  35  3:19  Oracle  
  36  3:28  Resonating Glaives  
  36  3:29  Probe x2  
  37  3:41  Probe x2  
  39  3:53  Gateway, Probe  
  40  3:55  Gateway  
  40  3:57  Probe  
  40  3:58  Pylon  
  40  4:01  Assimilator  
  41  4:05  Probe  
  41  4:09  Probe  
  43  4:11  Gateway  
  43  4:18  Probe  
  43  4:21  Probe, Adept  
  47  4:30  Probe  
  48  4:33  Probe  
  49  4:42  Probe, Adept, Phoenix  
  55  4:45  Probe  
  55  4:47  Assimilator  
  55  4:50  Gateway  
  55  4:51  Dark Shrine  
  55  4:52  Pylon  
  55  4:54  Probe  
  55  4:57  Adept x2  
  60  5:03  Probe  
  61  5:08  Probe  
  62  5:20  Probe x2  
  60  5:23  Adept x3  
  66  5:46  Adept x2  
  70  5:50  Pylon  
  70  5:51  Nexus, Pylon  
  70  5:52  Pylon x2  
  70  6:00  Forge  
  70  6:03  Gateway, Pylon  
  70  6:08  Probe  
  71  6:12  Probe  
  67  6:20  Adept x3  
  67  6:21  Adept x2  
  67  6:22  Probe  
  67  6:24  Probe  
  71  6:32  Void Ray  
  71  6:34  Probe  
  71  6:37  Probe  
  73  6:41  Protoss Ground Weapons Level 1  
  73  6:46  Probe  
  74  6:49  Probe  
  74  6:51  Dark Templar x5  
  85  6:58  Probe  
  86  7:05  Probe, Pylon  
  87  7:11  Probe  
  88  7:18  Robotics Facility  
  88  7:19  Probe  
  89  7:27  Probe  
  86  7:33  Probe  
  85  7:37  Probe  
  85  7:42  Probe  
  79  7:46  Robotics Facility  
  79  7:50  Assimilator x2  
  79  7:51  Probe  
  79  7:57  Immortal  
  78  7:58  Forge  
  78  8:01  Adept  
  78  8:02  Adept x4  
  78  8:03  Gateway  
  86  8:08  Robotics Bay  
  90  8:15  Probe x3  
  93  8:20  Pylon  
  93  8:24  Immortal  
  93  8:26  Pylon  
  94  8:27  Probe x2  
  94  8:30  Photon Cannon  
  94  8:31  Nexus  
  95  8:39  Adept x3  
  104  8:42  Probe  
  104  8:44  Adept  
  104  8:46  Probe  
  107  8:49  Disruptor  
  107  8:50  Photon Cannon  
  107  8:51  Probe, Shield Battery  
  107  8:54  Disruptor  
  111  9:07  Extended Thermal Lance  
  105  9:17  Probe  
  105  9:18  Disruptor  
  106  9:26  Probe x2  
  111  9:35  Disruptor  
  111  9:37  Zealot x5  
  124  9:39  Probe  
  124  9:40  Pylon  
  124  9:44  Probe  
  126  9:49  Probe  
  126  9:50  Probe  
  123  9:52  Colossus  
  115  10:01  Dark Templar  
  108  10:08  Probe  
  108  10:12  Observer  
  90  10:14  Adept x2  
  90  10:15  Adept x2  
  55  10:37  Adept x5  
  55  10:38  Probe x2  
Show
View Real Time Build Order
Export as new Build Order

Lambo Zerg - Winner!

Build Orders: Pool First 

Get SALT Encoding   

  12  0:01  Drone  
  13  0:12  Overlord  
  13  0:17  Drone  
  14  0:31  Drone x2  
  16  0:40  Spawning Pool  
  15  0:44  Drone  
  15  0:47  Drone  
  17  1:07  Hatchery  
  17  1:11  Drone  
  17  1:26  Zergling x4  
  17  1:28  Zergling x2  
  17  1:30  Queen  
  22  1:34  Extractor  
  21  1:40  Overlord  
  21  1:52  Drone  
  22  2:00  Drone  
  23  2:05  Queen  
  25  2:15  Drone  
  26  2:26  Drone x2  
  28  2:33  Drone x2  
  30  2:41  Metabolic Boost  
  30  2:45  Hatchery, Drone  
  30  2:46  Drone  
  31  2:52  Overlord  
  31  2:55  Drone  
  34  3:08  Drone x2  
  36  3:14  Zergling x2  
  36  3:15  Drone x3  
  40  3:22  Drone x2  
  40  3:24  Drone  
  43  3:29  Drone  
  43  3:38  Spore Crawler, Drone  
  39  3:43  Queen  
  39  3:46  Drone  
  39  3:48  Spore Crawler  
  42  3:49  Spore Crawler  
  42  3:52  Drone x2  
  43  3:58  Overlord  
  43  3:59  Drone x5  
  48  4:10  Drone  
  48  4:13  Lair  
  48  4:14  Roach Warren  
  48  4:15  Queen, Extractor, Drone  
  48  4:16  Extractor  
  49  4:20  Drone x2  
  50  4:30  Drone x5  
  54  4:47  Zergling x2  
  54  4:48  Zergling x6  
  58  5:01  Overlord x2  
  58  5:02  Overlord  
  58  5:06  Overlord  
  58  5:08  Overlord  
  58  5:15  Drone  
  58  5:16  Overlord  
  58  5:18  Drone x2  
  58  5:20  Overseer  
  57  5:21  Roach x2  
  57  5:22  Roach x2, Glial Reconstitution  
  57  5:28  Roach x3  
  71  5:32  Drone x3  
  71  5:34  Drone  
  74  5:35  Overlord  
  74  5:41  Drone x2  
  73  5:43  Roach x4  
  73  5:49  Overseer  
  81  5:51  Spore Crawler  
  81  5:53  Roach x3  
  86  5:57  Drone  
  86  5:58  Drone x2  
  89  6:05  Drone x2  
  89  6:07  Drone x3  
  94  6:17  Drone x5  
  95  6:21  Drone  
  95  6:22  Drone x2  
  95  6:31  Evolution Chamber  
  95  6:32  Drone x4  
  98  6:37  Drone  
  98  6:38  Drone x2  
  95  6:41  Drone x3  
  95  6:42  Drone  
  95  6:46  Overlord  
  98  6:49  Overlord  
  98  6:53  Drone x2  
  99  6:54  Extractor  
  99  6:57  Extractor  
  97  7:02  Zerg Missile Weapons Level 1  
  97  7:03  Roach x3  
  103  7:10  Extractor, Hydralisk Den, Drone x4  
  103  7:11  Drone x2  
  103  7:15  Drone x2  
  108  7:24  Drone x2  
  108  7:30  Baneling Nest, Overseer  
  108  7:33  Roach x7  
  121  7:45  Grooved Spines  
  121  7:51  Overlord x2  
  121  7:54  Overlord  
  121  7:56  Hatchery  
  121  7:57  Overlord  
  120  8:03  Overlord  
  120  8:04  Tunneling Claws  
  120  8:05  Burrow  
  120  8:08  Drone  
  120  8:09  Spore Crawler, Drone  
  120  8:11  Drone x3  
  124  8:17  Drone  
  124  8:18  Centrifical Hooks, Hydralisk x3  
  131  8:29  Queen  
  131  8:31  Hydralisk x2  
  131  8:32  Hydralisk x2  
  141  8:43  Drone x9  
  141  8:47  Baneling x2  
  150  8:50  Drone x2  
  150  8:55  Pneumatized Carapace  
  152  9:02  Hatchery  
  150  9:03  Hydralisk x3  
  150  9:04  Zergling x4  
  157  9:13  Overlord, Hydralisk  
  157  9:14  Hydralisk, Zergling x8  
  165  9:20  Hydralisk  
  165  9:23  Baneling x2  
  167  9:30  Roach x13, Hydralisk  
  169  9:31  Zergling x12  
  169  9:37  Infestation Pit  
  169  9:38  Spore Crawler  
  173  9:39  Spine Crawler, Drone x2  
  173  9:42  Spine Crawler  
  173  9:43  Roach x6, Zergling x6  
  175  9:46  Baneling  
  175  9:47  Baneling x11  
  175  9:54  Overlord, Spire  
  175  9:56  Extractor  
  175  9:57  Roach x6  
  175  9:58  Overlord  
  171  10:00  Overlord  
  171  10:05  Roach x4, Overlord  
  171  10:07  Overlord  
  171  10:09  Hydralisk x5  
  171  10:10  Hydralisk  
  171  10:13  Hydralisk, Zergling x2  
  166  10:16  Roach x6  
  166  10:17  Hydralisk  
  166  10:18  Zergling x4  
  153  10:22  Hydralisk, Zergling x2  
  153  10:24  Roach x4  
  144  10:28  Hydralisk x4  
  144  10:32  Overlord  
Tags
 
Add a new tag
Caveats
  • Supply blocks, unpowered buildings, or Contaminate may cause inaccurate times.
  • Supply counts are checked every 10 seconds.